 Dungeon Crawl Stone Soup version 0.27-a0-836-gfc908b8576 (webtiles) character file.

Game seed: 7814995578640681580

172 polve the Changer (level 5, -10/40 HPs)
             Began as a Draconian Transmuter on Mar 31, 2021.
             Killed by divine providence
             ... invoked by an orc priest
              (17 damage)
             ... on level 3 of the Dungeon.
             The game lasted 00:02:06 (2474 turns).

polve the Changer (Draconian Transmuter)            Turns: 2474, Time: 00:02:06

Health: -10/40     AC:  6    Str: 12    XL:     5   Next: 27%
Magic:  8/8        EV: 12    Int: 15    God:
Gold:   94         SH:  0    Dex: 11    Spells: 7/8 levels left

rFire    . . .     SeeInvis .   a - +2 dagger (venom)
rCold    . . .     Faith    .   (no shield)
rNeg     . . .     Spirit   .   (armour unavailable)
rPois    .         Reflect  .   (helmet currently unavailable)
rElec    .         Harm     .   (no cloak)
rCorr    +         Rampage  .   h - +0 pair of gloves
Will     .....                  (boots currently unavailable)
Stlth    +.........             (no amulet)
HPRegen  0.13/turn              c - ring of resist corrosion
MPRegen  0.11/turn              (no ring)

@: appendages (expiring)
A: horns 2, talons 2, AC +5, unfitting armour, cold-blooded
a: End Transformation


You were on level 3 of the Dungeon.
You had temporarily grown beastly horns and talons.
You visited 1 branch of the dungeon, and saw 3 of its levels.

You collected 94 gold pieces.

Inventory:

Hand Weapons
 a - a +2 dagger of venom (weapon)
Armour
 h - a +0 pair of gloves (worn)
Jewellery
 c - a ring of resist corrosion (left hand)
 j - a ring of protection from fire
 l - a ring of magical power
 n - a ring of protection from cold
Scrolls
 b - a scroll of noise {unknown}
 d - a scroll of teleportation {unknown}
 i - a scroll of magic mapping {unknown}
 k - a scroll of summoning {unknown}
 o - a scroll of identify {unknown}
 q - a scroll of amnesia {unknown}
 r - a scroll of blinking {unknown}
 s - a scroll of enchant armour {unknown}
Potions
 e - a potion of curing {unknown}
 f - a potion of degeneration {unknown}
 g - a potion of invisibility {unknown}
 m - a potion of mutation {unknown}
 p - 2 potions of attraction {unknown}


   Skills:
 - Level 1.1 Fighting
 - Level 1.7 Dodging
 - Level 3.0 Unarmed Combat
 - Level 2.0 Spellcasting
 + Level 5.5 Transmutations


You had 7 spell levels left.
You knew the following spells:

 Your Spells              Type           Power      Damage    Failure   Level
a - Beastly Appendage     Tmut           36%        N/A       2%          1

Your spell library contained the following spells:

 Spells                   Type           Power      Damage    Failure   Level
 Wereblood                Tmut           18%        N/A       3%          2
 Animate Skeleton         Necr           2%         N/A       22%         1
 Apportation              Tloc           2%         N/A       22%         1
 Corona                   Hex            1%         N/A       22%         1
 Summon Small Mammal      Summ           4%         N/A       22%         1
 Spider Form              Tmut/Pois      4%         N/A       22%         3
 Hydra Form               Tmut           9%         N/A       52%         5
 Confusing Touch          Hex            1%         N/A       54%         3
 Gell's Gravitas          Tloc           0%         N/A       54%         3
 Ice Form                 Ice/Tmut       9%         N/A       56%         4
 Petrify                  Tmut/Erth      9%         N/A       56%         4
 Yara's Violent Unravell  Hex/Tmut       4%         3d4       89%         5
 Metabolic Englaciation   Hex/Ice        0%         N/A       99%         5


Dungeon Overview and Level Annotations

Branches:
Dungeon (3/15)

Altars:
Wu Jian

Shops:
D:1 *[([(


Innate Abilities, Weirdness & Mutations

You have temporarily grown beastly horns and talons.
Your plain brown scales are hard. (AC +5)
You cannot fit into any form of body armour.
You are cold-blooded and may be slowed by cold attacks.


Message History

The orc barely misses you.
You hit the orc.
The orc is poisoned.
The orc is heavily wounded.
The orc closely misses you. The orc hits you but does no damage.
You hit the orc.
You kill the orc!
The orc hits you but does no damage.
The orc priest hits you from afar with a +0 trident.
You closely miss the orc priest.
You claw the orc priest, but do no damage.
The orc closely misses you.
The orc priest hits you from afar with a +0 trident.
The orc priest hits you but does no damage.
You hit the orc priest.
The orc priest is poisoned.
Your kick misses the orc priest. You tail-slap the orc priest.
The orc priest is moderately wounded.
The orc completely misses you. The orc priest barely misses you.
The orc priest hits you with a +0 short sword.
You hit the orc priest.
The orc priest looks as sick as possible!
You claw the orc priest.
You tail-slap the orc priest, but do no damage.
The orc priest is severely wounded.
The orc hits you with a +0 club. The orc priest barely misses you.
The orc priest invokes the aid of Beogh against you.
Pain shoots through your body!
You closely miss the orc priest.
You headbutt the orc priest, but do no damage.
The orc priest is severely wounded.
The orc hits you with a +0 club.
The orc priest hits you from afar with a +0 trident.
The orc priest invokes the aid of Beogh against you.
Pain shoots through your body!
* * * LOW HITPOINT WARNING * * *
Your transformation is almost over.
You feel a bit more experienced.
Found a stone staircase leading up.
The orc priest mumbles some strange prayers to Beogh against you.
Beogh smites you!
You die...

#....<................
#.......#########.....
+.......# ###... ..
##.......####### #...
<....#.......###....# #...
.....#.#'##### #..<.# #...
.....#.#.#######....#####...
............................
...........@...............>
........o######...(#######.
####.....# #....# #.
#####..o..########### #####.
#.)o#............# #.....
#.#.#.####.......# #.....
#o#...# #.......# #.....
#o##### #.......# +..... o..
#......## #.....


You could see an orc priest and an orc.

Vanquished Creatures
  An orc priest (D:3)
  Jessica (D:2)
  Terence (D:2)
  3 adders (D:2)
  2 worms
  A dart slug (D:1)
  An orc (D:3)
  6 bats
  5 giant cockroaches
  2 hobgoblins
  7 jackals
  5 kobolds
  3 quokkas
  8 ball pythons
  4 frilled lizards
  6 goblins
  3 rats
59 creatures vanquished.

Vanquished Creatures (others)
  A plant (D:1)
1 creature vanquished.

Grand Total: 60 creatures vanquished

Notes
Turn   | Place    | Note
-------+----------+-------------------------------------------
     0 | D:1      | polve the Draconian Transmuter began the quest for the Orb.
     0 | D:1      | Reached XP level 1. HP: 16/16 MP: 3/3
   134 | D:1      | Found Vuamati's Weapon Shoppe.
   195 | D:1      | Reached XP level 2. HP: 23/23 MP: 3/5
   310 | D:1      | Found Ittoreep's Weapon Shop.
   317 | D:1      | Reached skill level 3 in Transmutations
   728 | D:1      | Found Horitrun's Antique Armour Boutique.
   743 | D:1      | Found Gost's Assorted Antiques.
   753 | D:1      | Reached XP level 3. HP: 27/28 MP: 4/6
  1225 | D:2      | Noticed Jessica
  1231 | D:2      | Killed Jessica
  1232 | D:2      | Reached skill level 4 in Transmutations
  1297 | D:2      | Reached XP level 4. HP: 34/35 MP: 5/7
  1536 | D:2      | Noticed Terence
  1544 | D:2      | Killed Terence
  1649 | D:2      | Reached skill level 5 in Transmutations
  1878 | D:2      | Found an ornate altar of the Wu Jian Council.
  2332 | D:3      | Reached XP level 5. HP: 39/40 MP: 8/8
  2474 | D:3      | Killed from afar by an orc priest

Illustrated notes

Levels and vault maps discovered:
D:1:      dpeg_arrival_pond, layout_basic, serial_shops,
          nicolae_shop_behind_doors, shop, shop_statue, shop,
          nicolae_shop_overgrown_old_shop, minmay_heptomino_l4
D:2:      layout_basic, general_overflow_altar, uniq_jessica, uniq_terence,
          uniq_crazy_yiuf_cottage
D:3:      layout_basic, uniq_natasha

Skill      XL: |  1  2  3  4 |
---------------+-------------+-----
Transmutations | 3 4 5 |  5.5
Fighting       | |  1.1
Dodging        | |  1.7
Unarmed Combat | |  3.0
Spellcasting   | |  2.0

Action                   |  1- 3 |  4- 6 || total
-------------------------+-------+-------++-------
Melee: Unarmed           |    26 |       ||    26
       Tailslap          |     6 |     4 ||    10
       Kick              |     7 |     8 ||    15
       Headbutt          |     5 |     6 ||    11
       Punch             |     1 |     1 ||     2
       Dagger            |    56 |    58 ||   114
 Cast: Beastly Appendage |    14 |     9 ||    23
 Stab: Sleeping          |     3 |       ||     3
Armor: Skin              |    32 |    16 ||    48
Dodge: Dodged            |    51 |    45 ||    96

Table legend: (Time is in decaauts)
 A = Elapsed time spent in this place.
 B = Non-inter-level travel time spent in this place.
 C = Inter-level travel time spent in this place.
 D = Time resting spent in this place.
 E = Time spent auto-exploring this place.
 F = Levels seen in this place.
 G = Mean time per level.
                   A        B        C        D        E       F      G
               +--------+--------+--------+--------+--------+-----+--------+
         Total |   2469 |   2396 |     73 |      0 |   2026 |   3 |  823.0 |
       Dungeon |   2469 |   2396 |     73 |      0 |   2026 |   3 |  823.0 |
               +--------+--------+--------+--------+--------+-----+--------+

Top non-repeatable levels by time:
     D:2: 1184 daAuts
     D:1: 1052 daAuts
     D:3: 232 daAuts
